 Dungeon Crawl Stone Soup version 0.25.1-2-g60ff931df9 (webtiles) character file.

Game seed: 11508455498631368435

15261 gruber the Martial Artist (level 12, -2/91 HPs)
             Began as a Gnoll Transmuter on Sept 11, 2020.
             Was an Elder of Sif Muna.
             Hit by a silver javelin thrown by a minotaur (12 damage)
             ... in a Gauntlet.
             The game lasted 00:20:47 (15851 turns).

gruber the Martial Artist (Gnoll Transmuter)       Turns: 15851, Time: 00:20:48

Health: -2/91      AC:  2    Str: 13    XL:     12   Next: 25%
Magic:  0/24       EV: 31    Int: 26    God:    Sif Muna [****..]
Gold:   570        SH:  0    Dex: 25    Spells: 13/28 levels left

rFire    . . .     SeeInvis .     - Unarmed
rCold    . . .     Gourm    .   (shield currently unavailable)
rNeg     . . .     Faith    .   (armour currently unavailable)
rPois    .         Spirit   +   (helmet currently unavailable)
rElec    .         Reflect  .   (cloak currently unavailable)
rCorr    .         Harm     .   (gloves currently unavailable)
MR       +....     NoTele   +   (boots currently unavailable)
Stlth    +++++.....             q - amulet of guardian spirit
HPRegen  0.25/turn              f - ring of protection from magic
MPRegen  0.19/turn              i - ring of Yzey {rPois Int+6 Dex+4 Stlth+}

@: spider-form
A: tiny, distributed training, strong nose
a: End Transformation, Channel Magic, Forget Spell, Divine Exegesis, Renounce
Religion


You were in a Gauntlet.
You worshipped Sif Muna.
Sif Muna was greatly pleased with you.
You were not hungry.
You were a venomous arachnid creature.
You visited 2 branches of the dungeon, and saw 12 of its levels.
You also visited: Gauntlet.

You collected 570 gold pieces.

Inventory:

Hand Weapons
 j - a +2 dagger of flaming
Missiles
 a - 252 arrows
 b - 4 silver javelins
 g - a throwing net (quivered)
 m - 2 javelins
 v - 5 atropa-tipped darts
Armour
 w - the cursed +1 scale mail "Nigag" {Dex+9}
   (You found it on level 5 of the Dungeon)

   It affects your dexterity (+9).
   It has a curse placed upon it.
 y - a +0 cloak (melded)
 H - a +0 pair of gloves (melded)
 J - a +0 helmet (melded)
 K - a +3 leather armour of poison resistance (melded)
Jewellery
 f - a ring of protection from magic (left front leg)
 i - the ring of Yzey (right front leg) {rPois Int+6 Dex+4 Stlth+}
   (You found it in a Gauntlet)

   [ring of intelligence]

   It affects your intelligence (+6).
   It affects your dexterity (+4).
   It protects you from poison.
   It makes you more stealthy.
 q - an amulet of guardian spirit (around neck)
 t - an uncursed ring of resist corrosion
 R - an uncursed amulet of magic regeneration
 T - an uncursed ring of fire
 U - an uncursed ring of wizardry {unknown}
 V - an uncursed amulet of the acrobat {unknown}
Wands
 p - a wand of random effects (22)
 Q - a wand of digging (4)
Scrolls
 k - 4 scrolls of remove curse {unknown}
 n - a scroll of fog {unknown}
 r - 4 scrolls of teleportation {unknown}
 u - a scroll of blinking {unknown}
 x - 2 scrolls of magic mapping {unknown}
 C - a scroll of enchant armour {unknown}
 F - 2 scrolls of immolation {unknown}
 I - a scroll of noise {unknown}
 L - 2 scrolls of holy word {unknown}
 N - 2 scrolls of random uselessness {unknown}
 O - a scroll of acquirement {unknown}
 P - a scroll of amnesia {unknown}
Potions
 c - a potion of might
 e - 6 potions of curing
 h - 5 potions of ambrosia
 l - a potion of heal wounds
 o - 3 potions of haste
 s - 2 potions of flight
 z - 2 potions of lignification
 A - 3 potions of stabbing {unknown}
 B - a potion of mutation {unknown}
 D - 2 potions of resistance {unknown}
 E - 2 potions of cancellation {unknown}
 S - 2 potions of brilliance {unknown}
Comestibles
 d - 14 rations


   Skills:
 + Level 7.5 Fighting
 + Level 7.0 Short Blades
 + Level 7.0 Long Blades
 + Level 7.0 Axes
 + Level 7.0 Maces & Flails
 + Level 7.0 Polearms
 + Level 7.0 Staves
 + Level 7.0 Slings
 + Level 7.0 Bows
 + Level 7.0 Crossbows
 + Level 7.0 Throwing
 + Level 7.0 Armour
 + Level 8.4 Dodging
 + Level 7.0 Stealth
 + Level 7.0 Shields
 + Level 9.6 Unarmed Combat
 + Level 8.7 Spellcasting
 + Level 5.8 Conjurations
 + Level 5.8 Hexes
 + Level 5.8 Charms
 + Level 5.8 Summonings
 + Level 5.8 Necromancy
 + Level 5.8 Translocations
 + Level 7.0 Transmutations
 + Level 5.8 Fire Magic
 + Level 5.8 Ice Magic
 + Level 5.8 Air Magic
 + Level 5.8 Earth Magic
 + Level 5.8 Poison Magic
 + Level 7.6 Invocations
 + Level 7.0 Evocations


You had 13 spell levels left.
You knew the following spells:

 Your Spells              Type           Power        Failure   Level  Hunger
a - Beastly Appendage     Tmut           #####.       2%          1    None
b - Sticks to Snakes      Tmut           #####...     3%          2    None
c - Spider Form           Tmut/Pois      #####.....   5%          3    None
d - Blink                 Tloc           N/A          4%          2    None
e - Mephitic Cloud        Conj/Pois/Air  #####...     6%          3    None
f - Ice Form              Ice/Tmut       #####...     12%         4    ##.....

Your spell library contained the following spells:

 Spells                   Type           Power        Failure   Level  Hunger
 Animate Skeleton         Necr           N/A          3%          1    None
 Apportation              Tloc           #####.       3%          1    None
 Corona                   Hex            #####..      3%          1    None
 Magic Dart               Conj           ####         3%          1    None
 Summon Small Mammal      Summ           ####         3%          1    None
 Call Imp                 Summ           #####...     4%          2    None
 Slow                     Hex            #####...     4%          2    None
 Conjure Flame            Conj/Fire      #####...     6%          3    None
 Blade Hands              Tmut           #####.....   22%         5    ####...


Dungeon Overview and Level Annotations

Branches:
Dungeon (11/15)            Temple (1/1) D:7            Lair (0/6) D:9
    Orc (0/2) D:9         Gauntlet (1/1)

Altars:
Ashenzari
Cheibriados
Dithmenos
Elyvilon
Fedhas
Gozag
Hepliaklqana
Kikubaaqudgha
Makhleb
Nemelex Xobeh
Okawaru
Qazlal
Ru
Sif Muna
Trog
Uskayaw
Vehumet
Wu Jian
Xom
Yredelemnul
Zin
The Shining One
Jiyva

Shops:
D:4 [   D:9 =

Annotations:
Gauntlet 18 runed translucent doors, 6 transporters


Innate Abilities, Weirdness & Mutations

Your experience applies equally to all skills.
((You have very sharp teeth.))
Your uncanny sense of smell can sniff out nearby items.


Message History

The mass of ice explodes!
The iceblast engulfs the minotaur.
The minotaur partially resists.
The minotaur is moderately wounded.
The minotaur throws a silver javelin.
The silver javelin pierces through you! The silver sears you!
* * * LOW HITPOINT WARNING * * *
The minotaur throws a silver javelin.
The silver javelin completely misses you.
Unknown command.
Evoke which item? (* to show all) (? for menu, Esc to quit)
Aiming: Random Effects
Press: ? - help, Shift-Dir - straight line, f/p - minotaur
Aim: a minotaur, wielding the +1 rapier of Dyhu {speed, rF+ rN+}, wearing a +3 chain mail of fire resistance, wearing an uncursed ring of protection from cold and quivering 6 silver javelins (moderately wounded, fast)
The puff of frost hits the minotaur but does no damage.
The minotaur is moderately wounded.
The minotaur throws a silver javelin.
The silver javelin pierces through you!!
* * * LOW HITPOINT WARNING * * *
The silver sears you!
You die...

##'## #.#.##....#..#G.....
#.⌠.. #...##...©#..#######
#...∩##(#.##....#.∩.......
∆+(...ZHS#.......#.........
#..⌠.##(#.##...©#..#######
###+# #...##....#..#......
#(#H##..###..#.##...
#(#.....##≈..#..##.#
#.#s##..###..#...#.#
#.((##..##≈..#©..#©.
######..###..#...#.#
#####≈..#..##.# ##..#.##...
#≈..#...... ##..#######
#§......... ##.........


You could see a minotaur (fast).

Vanquished Creatures
  A ghost crab (Gauntlet)
  A two-headed ogre (D:10)
  A centaur warrior (D:9)
  A death yak (D:9)
  Maurice (D:9)
  Joseph (D:7)
  Psyche (D:8)
  3 gargoyles (D:10)
  3 trolls
  A hornet (D:10)
  A queen bee (Gauntlet)
  Grinder (D:3)
  Prince Ribbit (D:6)
  A slime creature (D:10)
  6 hippogriffs
  A meliai zombie (D:10)
  A centaur simulacrum (Gauntlet)
  A spriggan (D:7)
  3 yaks (D:11)
  A wraith (D:9)
  3 wyverns
  4 hungry ghosts
  A soldier ant (D:11)
  A two-headed ogre zombie (D:9)
  2 water moccasins (D:8)
  Duvessa (D:7)
  4 ice beasts
  A sky beast (D:10)
  2 phantoms
  4 orc warriors
  A black bear (D:6)
  An eye of draining (D:10)
  3 ogres
  5 centaurs
  8 bullfrogs
  A gnoll sergeant (D:8)
  6 scorpions
  Dowan (D:7)
  A troll zombie (D:9)
  14 killer bees
  9 wights
  3 howler monkeys
  10 crimson imps
  A centaur zombie (D:4)
  A quasit (D:8)
  Crazy Yiuf (D:7)
  3 bullfrog zombies
  3 jellies (D:10)
  10 orc priests
  2 hounds
  2 iguanas
  13 orc wizards
  7 worker ants
  6 ogre zombies (D:9)
  3 hound zombies
  2 worker ant zombies (D:10)
  Robin (D:3)
  6 gnolls
  A howler monkey skeleton (D:10)
  4 adders
  3 shadow imps
  2 adder skeletons
  An adder zombie (D:7)
  2 worms
  3 dart slugs
  7 leopard geckos
  41 orcs
  A ball python (D:1)
  6 bats
  3 giant cockroaches
  8 goblins
  9 hobgoblins
  5 quokkas
  4 frilled lizards
  2 goblin skeletons (D:9)
  A goblin zombie (D:9)
  2 hobgoblin skeletons (D:9)
  3 hobgoblin zombies (D:9)
  7 kobolds
  A leopard gecko skeleton (D:4)
  2 orc skeletons (D:9)
  14 orc zombies (D:9)
  10 rats
320 creatures vanquished.

Vanquished Creatures (collateral kills)
  A bullfrog (D:11)
  2 scorpions
  2 killer bees
  A wight (D:8)
  2 gnolls
  An orc (D:3)
  A hobgoblin skeleton (D:9)
10 creatures vanquished.

Vanquished Creatures (others)
  An orc (D:6)
1 creature vanquished.

Grand Total: 331 creatures vanquished

Notes
Turn   | Place    | Note
-------+----------+-------------------------------------------
     0 | D:1      | gruber the Gnoll Transmuter began the quest for the Orb.
     0 | D:1      | Reached XP level 1. HP: 17/17 MP: 6/6
   155 | D:1      | Reached XP level 2. HP: 23/23 MP: 5/7
   279 | D:1      | Learned a level 2 spell: Sticks to Snakes
   513 | D:1      | Found an iron altar of Okawaru.
   761 | D:1      | Reached XP level 3. HP: 25/28 MP: 7/9
   871 | D:2      | Learned a level 3 spell: Spider Form
  1017 | D:2      | Reached skill level 5 in Spellcasting
  1300 | D:2      | Learned a level 2 spell: Blink
  1304 | D:2      | Learned a level 3 spell: Mephitic Cloud
  1417 | D:2      | Found an ancient bone altar of Kikubaaqudgha.
  1507 | D:2      | Reached skill level 1 in Invocations
  1780 | D:3      | Noticed Grinder
  1790 | D:3      | Killed Grinder
  1790 | D:3      | Reached skill level 1 in Short Blades
  1790 | D:3      | Reached skill level 1 in Long Blades
  1790 | D:3      | Reached skill level 1 in Axes
  1790 | D:3      | Reached skill level 1 in Maces & Flails
  1790 | D:3      | Reached skill level 1 in Polearms
  1790 | D:3      | Reached skill level 1 in Staves
  1790 | D:3      | Reached skill level 1 in Slings
  1790 | D:3      | Reached skill level 1 in Bows
  1790 | D:3      | Reached skill level 1 in Crossbows
  1790 | D:3      | Reached skill level 1 in Throwing
  1790 | D:3      | Reached skill level 1 in Armour
  1790 | D:3      | Reached skill level 1 in Stealth
  1790 | D:3      | Reached skill level 1 in Shields
  1790 | D:3      | Reached skill level 1 in Conjurations
  1790 | D:3      | Reached skill level 1 in Hexes
  1790 | D:3      | Reached skill level 1 in Charms
  1790 | D:3      | Reached skill level 1 in Summonings
  1790 | D:3      | Reached skill level 1 in Necromancy
  1790 | D:3      | Reached skill level 1 in Translocations
  1790 | D:3      | Reached skill level 1 in Fire Magic
  1790 | D:3      | Reached skill level 1 in Ice Magic
  1790 | D:3      | Reached skill level 1 in Air Magic
  1790 | D:3      | Reached skill level 1 in Earth Magic
  1790 | D:3      | Reached skill level 1 in Poison Magic
  1790 | D:3      | Reached skill level 1 in Evocations
  1790 | D:3      | Reached XP level 4. HP: 17/35 MP: 4/11
  1790 | D:3      | Reached XP level 5. HP: 20/41 MP: 4/12
  1805 | D:4      | Reached XP level 6. HP: 5/47 MP: 6/13
  2103 | D:4      | Found a sacrificial altar of Ru.
  2319 | D:4      | Learned a level 4 spell: Ice Form
  2686 | D:4      | Reached skill level 5 in Dodging
  2878 | D:4      | Found Ogeps's Armour Shop.
  3113 | D:4      | Found a glowing silver altar of Zin.
  3146 | D:4      | Reached XP level 7. HP: 47/52 MP: 10/15
  3220 | D:4      | Found a burning altar of Makhleb.
  3279 | D:4      | Found a stormy altar of Qazlal.
  3303 | D:4      | Reached skill level 7 in Unarmed Combat
  3472 | D:5      | Entered Level 5 of the Dungeon
  3991 | D:5      | Got a faintly humming scale mail
  3992 | D:5      | Identified the cursed +1 scale mail "Nigag" {Dex+9} (You
                  | found it on level 5 of the Dungeon)
  5169 | D:6      | Reached XP level 8. HP: 44/60 MP: 9/16
  6351 | D:3      | Found a shimmering altar of Xom.
  6506 | D:3      | Noticed Robin
  6527 | D:3      | Killed Robin
  7070 | D:3      | You fall into a shaft and drop 3 floors!
  7178 | D:6      | Noticed Prince Ribbit
  7192 | D:6      | Killed Prince Ribbit
  7192 | D:6      | Reached skill level 5 in Transmutations
  7192 | D:6      | Reached XP level 9. HP: 65/66 MP: 14/18
  7767 | D:7      | Noticed Duvessa
  7767 | D:7      | Noticed Dowan
  7779 | D:7      | Killed Dowan
  7781 | D:7      | Killed Duvessa
  7894 | D:7      | Found a shattered altar of Ashenzari.
  7943 | D:7      | Found an opulent altar of Gozag.
  8020 | D:7      | Found a snail-covered altar of Cheibriados.
  8356 | D:7      | Reached skill level 5 in Fighting
  8368 | D:7      | Noticed Joseph
  8380 | D:7      | Killed Joseph
  8380 | D:7      | Reached skill level 8 in Unarmed Combat
  8433 | D:7      | Found a staircase to the Ecumenical Temple.
  8455 | Temple   | Entered the Ecumenical Temple
  8515 | Temple   | Became a worshipper of Sif Muna the Loreminder
  8551 | D:7      | Reached skill level 5 in Invocations
  8683 | D:7      | Reached XP level 10. HP: 60/74 MP: 11/20
  8837 | D:7      | Found a runed translucent door.
  8838 | D:7      | Noticed Crazy Yiuf
  9052 | D:7      | Killed Crazy Yiuf
  9678 | D:8      | Reached skill level 5 in Short Blades
  9678 | D:8      | Reached skill level 5 in Long Blades
  9678 | D:8      | Reached skill level 5 in Axes
  9678 | D:8      | Reached skill level 5 in Maces & Flails
  9678 | D:8      | Reached skill level 5 in Polearms
  9678 | D:8      | Reached skill level 5 in Staves
  9678 | D:8      | Reached skill level 5 in Slings
  9678 | D:8      | Reached skill level 5 in Bows
  9678 | D:8      | Reached skill level 5 in Crossbows
  9678 | D:8      | Reached skill level 5 in Throwing
  9678 | D:8      | Reached skill level 5 in Armour
  9678 | D:8      | Reached skill level 5 in Stealth
  9678 | D:8      | Reached skill level 5 in Shields
  9678 | D:8      | Reached skill level 5 in Evocations
 10012 | D:8      | Reached * piety under Sif Muna
 10023 | D:8      | Noticed Psyche
 10249 | D:9      | Found a bloodstained altar of Trog.
 10374 | D:9      | HP: 3/76 [hippogriff (1)]
 10794 | D:9      | Found Igimivao's Jewellery Shop.
 11121 | D:8      | Killed Psyche
 11781 | D:9      | Reached ** piety under Sif Muna
 11978 | D:9      | Found a staircase to the Orcish Mines.
 12171 | D:9      | Noticed a centaur warrior
 12183 | D:9      | Killed a centaur warrior
 12183 | D:9      | Reached XP level 11. HP: 74/83 MP: 17/22
 12299 | D:9      | Found a staircase to the Lair.
 12300 | D:9      | Noticed a death yak
 12300 | D:9      | Noticed a death yak
 12302 | D:9      | Noticed a death yak
 12337 | D:9      | Killed a death yak
 12686 | D:9      | Noticed Maurice
 12710 | D:9      | Killed Maurice
 12710 | D:9      | Reached skill level 9 in Unarmed Combat
 12915 | D:9      | Reached skill level 5 in Conjurations
 12915 | D:9      | Reached skill level 5 in Hexes
 12915 | D:9      | Reached skill level 5 in Charms
 12915 | D:9      | Reached skill level 5 in Summonings
 12915 | D:9      | Reached skill level 5 in Necromancy
 12915 | D:9      | Reached skill level 5 in Translocations
 12915 | D:9      | Reached skill level 5 in Fire Magic
 12915 | D:9      | Reached skill level 5 in Ice Magic
 12915 | D:9      | Reached skill level 5 in Air Magic
 12915 | D:9      | Reached skill level 5 in Earth Magic
 12915 | D:9      | Reached skill level 5 in Poison Magic
 13240 | D:9      | Reached *** piety under Sif Muna
 13252 | D:10     | Entered Level 10 of the Dungeon
 13648 | D:10     | Noticed a two-headed ogre
 13654 | D:10     | Killed a two-headed ogre
 13834 | D:10     | Found a viscous altar of Jiyva.
 14166 | D:10     | HP: 3/84 [gargoyle/stone arrow (22)]
 14519 | D:10     | Reached **** piety under Sif Muna
 15002 | D:11     | Reached XP level 12. HP: 87/91 MP: 15/24
 15387 | D:11     | Found a gate leading to a gauntlet.
 15401 | Gauntlet | Entered a Gauntlet
 15401 | Gauntlet | Found a large runed translucent door.
 15401 | Gauntlet | Found a large runed translucent door.
 15401 | Gauntlet | Found a large runed translucent door.
 15401 | Gauntlet | Found a large runed translucent door.
 15401 | Gauntlet | Found a runed translucent door.
 15401 | Gauntlet | Found a large runed translucent door.
 15401 | Gauntlet | Found a large runed translucent door.
 15401 | Gauntlet | Found a transporter.
 15401 | Gauntlet | Found a large runed translucent door.
 15401 | Gauntlet | Found a large runed translucent door.
 15401 | Gauntlet | Found a runed translucent door.
 15401 | Gauntlet | Found a runed translucent gate.
 15401 | Gauntlet | Found a runed translucent door.
 15401 | Gauntlet | Found a runed translucent gate.
 15401 | Gauntlet | Found a transporter.
 15401 | Gauntlet | Found a transporter.
 15411 | Gauntlet | Found a transporter.
 15414 | Gauntlet | Found a transporter.
 15421 | Gauntlet | Found a runed translucent door.
 15424 | Gauntlet | Found a transporter.
 15425 | Gauntlet | Found a transporter.
 15433 | Gauntlet | Found a transporter.
 15434 | Gauntlet | Noticed a soul eater
 15451 | Gauntlet | Found a transporter.
 15451 | Gauntlet | Noticed a ghost crab
 15471 | Gauntlet | Found a transporter.
 15472 | Gauntlet | Found a transporter.
 15482 | Gauntlet | Found a transporter.
 15487 | Gauntlet | Found a runed translucent gate.
 15488 | Gauntlet | Found a large runed translucent door.
 15488 | Gauntlet | Found a large runed translucent door.
 15489 | Gauntlet | Found a large runed translucent door.
 15490 | Gauntlet | Found a large runed translucent door.
 15536 | Gauntlet | Found a large runed translucent door.
 15536 | Gauntlet | Found a large runed translucent door.
 15536 | Gauntlet | Found a runed translucent door.
 15537 | Gauntlet | Found a large runed translucent door.
 15538 | Gauntlet | Found a large runed translucent door.
 15594 | Gauntlet | Got a heavily runed brass ring
 15596 | Gauntlet | Identified the ring of Yzey {rPois Int+6 Dex+4 Stlth+} (You
                  | found it in a Gauntlet)
 15691 | Gauntlet | Killed a ghost crab
 15823 | Gauntlet | Identified the +1 rapier of Dyhu {speed, rF+ rN+}
 15823 | Gauntlet | Noticed a minotaur
 15851 | Gauntlet | Hit by a silver javelin thrown by a minotaur

Illustrated notes

Levels and vault maps discovered:
D:1:      dpeg_arrival_boxorama, layout_basic, glass_columns_b,
          minmay_misc_feat_plants, minmay_misc_feat_five,
          chequers_serial_rivers_marsh, minivault_19, serial_bayou_pond_b,
          okawaru_ov_weapons_minmay
D:2:      layout_loops_cross, lemuel_coloured_pillars_altar,
          corexii_corridor_pit, grunt_ministairs_13
D:3:      layout_basic, grunt_decor_cap, led_xom_imps, uniq_grinder, uniq_robin
D:4:      layout_gridville, lightli_temple_of_fire, zin_statuary,
          nicolae_ru_awakened_eye, kennysheep_mini_moat, serial_shops, shop,
          corexii_item_surrounded_by_moat, lemuel_old_faithful
D:5:      layout_loops_cross, first_ration
D:6:      layout_layer_cave, uniq_prince_ribbit1
D:7:      layout_rooms, ashenzari_conservatory_becter, slow_altar_1,
          grunt_gozag_statues, temple_pool_b, the_bakery, uniq_joseph,
          uniq_crazy_yiuf_cottage, uniq_duvessa
D:8:      layout_gridville, uniq_psyche
D:9:      layout_roguey, lemuel_round_altar, dpeg_lair_monsters,
          zombieorc2_lemuel, serial_shops, shop, minmay_statues_item,
          chequers_serial_rivers_small_a, uniq_maurice
D:10:     minmay_s_stair_smasher, layout_rooms, glass_columns_b, abandoned_shop,
          hangedman_decor_clover_reticule, jiyva_altar_1
D:11:     layout_rooms, gauntlet_entry_generic, grunt_ministairs_1,
          minmay_misc_feat_tiny
Temple:   minmay_temple_bridge_abc
Gauntlet: minmay_gauntlet_mixed_big_or_small
          [minmay_gauntlet_arena_make_your_own_arena,
          minmay_gauntlet_arena_77_cramped, gammafunk_gauntlet_arena_teeth,
          minmay_gauntlet_arena_77_path, gammafunk_gauntlet_arena_split_x,
          minmay_gauntlet_arena_77_museum, gauntlet_exit_hidden_loot]

Skill      XL: |  1  2  3  4  5  6  7  8  9 10 11 12 |
---------------+-------------------------------------+-----
Spellcasting   | 5 6 7 8 |  8.7
Invocations    | 1 2 3 4 5 6 7 |  7.6
Fighting       | 3 4 5 6 7 |  7.5
Short Blades   | 1 2 3 4 5 6 7 |  7.0
Long Blades    | 1 2 3 4 5 6 7 |  7.0
Axes           | 1 2 3 4 5 6 7 |  7.0
Maces & Flails | 1 2 3 4 5 6 7 |  7.0
Polearms       | 1 2 3 4 5 6 7 |  7.0
Staves         | 1 2 3 4 5 6 7 |  7.0
Slings         | 1 2 3 4 5 6 7 |  7.0
Bows           | 1 2 3 4 5 6 7 |  7.0
Crossbows      | 1 2 3 4 5 6 7 |  7.0
Throwing       | 1 2 3 4 5 6 7 |  7.0
Armour         | 1 2 3 4 5 6 7 |  7.0
Stealth        | 1 2 3 4 5 6 7 |  7.0
Shields        | 1 2 3 4 5 6 7 |  7.0
Conjurations   | 1 2 3 4 5 |  5.8
Hexes          | 1 2 3 4 5 |  5.8
Charms         | 1 2 3 4 5 |  5.8
Summonings     | 1 2 3 4 5 |  5.8
Necromancy     | 1 2 3 4 5 |  5.8
Translocations | 1 2 3 4 5 |  5.8
Transmutations | 4 5 6 7 |  7.0
Fire Magic     | 1 2 3 4 5 |  5.8
Ice Magic      | 1 2 3 4 5 |  5.8
Air Magic      | 1 2 3 4 5 |  5.8
Earth Magic    | 1 2 3 4 5 |  5.8
Poison Magic   | 1 2 3 4 5 |  5.8
Evocations     | 1 2 3 4 5 6 7 |  7.0
Dodging        | 5 6 7 8 |  8.4
Unarmed Combat | 7 8 9 |  9.6

Action                   |  1- 3 |  4- 6 |  7- 9 | 10-12 || total
-------------------------+-------+-------+-------+-------++-------
Melee: Unarmed           |    79 |    56 |   326 |   606 ||  1067
       Headbutt          |     5 |     5 |       |       ||    10
       Bite              |     6 |     1 |     8 |    12 ||    27
       Punch             |     1 |       |     1 |     3 ||     5
       Kick              |       |     1 |     3 |     8 ||    12
Throw: Dart              |       |       |       |     2 ||     2
 Cast: Beastly Appendage |    12 |     5 |     1 |     2 ||    20
       Sticks to Snakes  |     2 |     2 |     4 |    38 ||    46
       Spider Form       |       |     4 |    34 |    16 ||    54
       Mephitic Cloud    |       |       |     3 |     7 ||    10
       Ice Form          |       |       |     1 |    27 ||    28
       Blink             |       |       |     1 |       ||     1
Invok: Channel Magic     |       |       |       |     2 ||     2
Evoke: Wand              |       |       |       |     7 ||     7
  Use: Scroll            |       |       |     1 |     7 ||     8
       Potion            |       |       |       |     3 ||     3
 Stab: Sleeping          |     2 |     3 |     4 |     4 ||    13
       Confused          |       |       |     3 |     3 ||     6
       Distracted        |       |       |       |     3 ||     3
       Paralysed         |       |       |       |     7 ||     7
  Eat: Chunk             |     3 |     1 |    15 |    21 ||    40
       Ration            |       |     1 |     1 |     4 ||     6
Armor: Robe              |     9 |     3 |     1 |       ||    13
       Skin              |       |     1 |     6 |    70 ||    77
       Leather armour    |       |       |    15 |    33 ||    48
Dodge: Dodged            |    37 |    46 |   259 |   428 ||   770
